AoeStats
← Fleischwolf

Black Forest

509699814Analyzed
4v4 RM · 4d ago on Sep 27, 2026· 40m 14s· 8 players
Game mode
Random Map
Map size
Large (8 player)
Population
200
Speed
Normal
Resources
Standard
Victory
Conquest
Starting age
Dark Age
Ending age
Imperial Age
RankedLock teamsTeams togetherTeam positionsShared explorationLock speedFull tech treeHidden civsTurbo modeCheats
Victory
Defeat
🇩🇪 Teutons · Germany
1426
+10
🇩🇪 Italians · Germany
1424
+10
🇩🇪 Spanish · Germany
1342
+13
🇩🇪 Cumans · Germany
1234
+17
🇲🇹 Vikings · Malta
1297
-13
🇹🇷 Jurchens · Türkiye
1292
-13
🇮🇳 Georgians · India
1270
-12
🇨🇳 Celts · China
1269
-12
nemesis
11:50 Feudal Age
13:43 Double-Bit Axe
16:18 Castle Age
17:31 Bow Saw
17:06 Fishing Lines
17:55 Gillnets
23:22 Gold Mining
23:25 Stone Mining
27:13 Wheelbarrow
29:28 Imperial Age
27:15 Fletching
27:46 Ballistics
28:45 Bodkin Arrow
29:09 Masonry
28:40 Treadmill Crane
28:47 Horse Collar
29:46 Scale Barding Armor
30:10 Forging
31:04 Stone Shaft Mining
30:52 Hand Cart
30:22 Town Watch
30:23 Loom
31:04 Chain Barding Armor
30:48 Bracer
31:51 Chemistry
30:56 Siege Engineers
31:28 Architecture
30:47 Onager
34:02 Chemistry
33:01 Murder Holes
33:16 Heavy Plow
35:02 Siege Onager
35:05 Pikeman
35:46 Squires
35:49 Scale Mail Armor
36:30 Iron Casting
36:28 Crop Rotation
36:21 Siege Onager
36:44 Halberdier
38:33 Chain Mail Armor
39:20 Blast Furnace
39:02 Svan Towers
39:19 Guard Tower
39:14 Arrowslits
laofengzi
10:55 Feudal Age
14:50 Castle Age
14:04 Double-Bit Axe
16:29 Bow Saw
18:45 Fishing Lines
20:17 Gillnets
24:10 Wheelbarrow
28:41 Imperial Age
26:55 Gold Mining
26:56 Stone Mining
28:09 Forging
28:00 Scale Mail Armor
28:24 Fortified Wall
28:29 Masonry
30:07 Conscription
29:11 Onager
30:44 Gold Shaft Mining
30:47 Stone Shaft Mining
33:21 Pikeman
34:18 Chain Mail Armor
34:39 Iron Casting
34:34 Siege Onager
37:41 Plate Mail Armor
proxxi
5:14 Loom
13:36 Feudal Age
18:46 Castle Age
21:36 Double-Bit Axe
23:40 Bow Saw
25:47 Fishing Lines
30:43 Pikeman
31:24 Squires
31:45 Gillnets
34:29 Imperial Age
31:56 Fletching
32:06 Padded Archer Armor
32:42 Chieftains
32:42 Gold Mining
32:49 Bodkin Arrow
33:08 Masonry
32:38 Treadmill Crane
32:47 Town Watch
33:04 Stone Mining
33:39 Leather Archer Armor
32:52 Elite Skirmisher
34:33 Ballistics
33:56 Crossbowman
35:33 Gold Shaft Mining
34:35 Arbalester
35:19 Bracer
35:49 Ring Archer Armor
36:22 Chemistry
35:45 Conscription
36:01 Bogsveigar
38:01 Elite Berserk
38:15 Light Cavalry
twelve
0:27 Loom
11:08 Feudal Age
15:24 Castle Age
15:01 Fishing Lines
15:58 Wheelbarrow
16:03 Double-Bit Axe
16:16 Gillnets
18:55 Bow Saw
22:55 Gold Mining
24:17 Gold Shaft Mining
25:30 Hand Cart
27:32 Fortified Wall
30:09 Imperial Age
28:48 Forging
28:43 Scale Barding Armor
29:31 Fortified Bastions
29:45 Bloodlines
29:36 Husbandry
30:13 Iron Casting
32:12 Two-Man Saw
30:40 Heavy Rocket Cart
31:12 Town Watch
31:54 Conscription
32:09 Chain Barding Armor
33:26 Blast Furnace
34:09 Elite Iron Pagoda
36:35 Ballistics
36:07 Fletching
37:24 Bodkin Arrow
38:05 Plate Barding Armor
Kampfkekssss
1:06 Loom
10:47 Feudal Age
12:42 Town Watch
17:36 Castle Age
15:37 Double-Bit Axe
17:48 Fishing Lines
18:35 Bow Saw
22:09 Town Patrol
23:08 Gillnets
29:28 Imperial Age
26:55 Fletching
26:58 Gold Mining
27:01 Stone Mining
28:19 Bodkin Arrow
30:28 Stone Shaft Mining
31:10 Chemistry
30:43 Conscription
32:01 Masonry
33:35 Wheelbarrow
32:49 Horse Collar
35:48 Scale Barding Armor
35:54 Forging
36:38 Caravan
37:13 Bloodlines
37:04 Husbandry
36:50 Cavalier
39:00 Paladin
40:51 Chain Barding Armor
41:07 Iron Casting
Jarrymo
2:31 Loom
6:14 Loom
10:36 Feudal Age
11:41 Double-Bit Axe
14:34 Horse Collar
17:55 Wheelbarrow
18:51 Fishing Lines
27:29 Castle Age
25:21 Town Watch
26:10 Gold Mining
27:27 Bloodlines
27:23 Scale Barding Armor
27:25 Stone Mining
31:54 Imperial Age
29:41 Hand Cart
30:11 Chain Barding Armor
30:02 Forging
29:55 Town Patrol
30:09 Bow Saw
30:47 Gold Shaft Mining
30:16 Heavy Plow
31:20 Masonry
31:33 Gillnets
32:23 Iron Casting
32:15 Padded Archer Armor
32:09 Fletching
32:02 Cavalier
34:04 Paladin
35:26 Capped Ram
36:49 Plate Barding Armor
36:46 Light Cavalry
38:28 Caravan
39:02 Hussar
Fleischwolf
4:33 Loom
13:26 Feudal Age
17:07 Castle Age
15:25 Fishing Lines
16:46 Double-Bit Axe
17:05 Gold Mining
18:17 Gillnets
20:08 Bow Saw
23:41 Wheelbarrow
28:56 Imperial Age
28:15 Fortified Wall
28:06 Scale Mail Armor
28:17 Forging
28:24 Masonry
28:04 Town Watch
29:16 Chain Mail Armor
29:03 Caravan
29:02 Stone Mining
28:55 Horse Collar
28:44 Pikeman
29:24 Squires
30:33 Hand Cart
30:02 Onager
31:44 Plate Mail Armor
31:01 Halberdier
31:42 Squires
32:24 Squires
32:46 Siege Onager
34:37 Conscription
34:56 Iron Casting
34:12 Fletching
34:53 Hand Cart
34:31 Arson
36:05 Chemistry
40:56 Ironclad
Moard
1:08 Loom
11:14 Feudal Age
15:08 Castle Age
13:08 Double-Bit Axe
14:12 Horse Collar
17:27 Bow Saw
19:44 Wheelbarrow
24:31 Hand Cart
24:20 Gold Mining
25:37 Fishing Lines
28:49 Imperial Age
27:07 Scale Mail Armor
27:32 Caravan
27:53 Stone Mining
28:26 Fortified Wall
28:26 Scale Barding Armor
28:39 Chain Mail Armor
27:49 Pikeman
28:30 Squires
29:25 Silk Road
29:40 Forging
30:32 Chemistry
30:16 Pirotechnia
30:18 Padded Archer Armor
30:43 Conscription
35:17 Leather Archer Armor
37:16 Ring Archer Armor
38:19 Plate Mail Armor
Connection lost

Rejoining the realm…

Still unreachable

The connection could not be restored.

Session expired

The server has moved on; the page needs a fresh start.